 Dungeon Crawl Stone Soup version 0.28-a0-834-g1a73be5ee4 (webtiles) character file.

Game seed: 4019412320774829485

258092 Crownlay the Severer (level 19, -19/174 HPs)
             Began as a Hill Orc Fighter on Nov 11, 2021.
             Was the Champion of Nemelex Xobeh.
             Killed from afar by a deep elf knight (35 damage)
             ... with a shard of ice
             ... on level 2 of the Elven Halls.
             The game lasted 01:47:18 (56627 turns).

Crownlay the Severer (Hill Orc Fighter)            Turns: 56627, Time: 01:47:18

Health: -19/174    AC: 31    Str: 29    XL:     19   Next: 86%
Magic:  33/33      EV:  8    Int:  8    God:    Nemelex Xobeh [******]
Gold:   107        SH: 13    Dex: 16    Spells: 18/18 levels left

rFire   + . .      SeeInvis +   c - +9 broad axe (flame)
rCold   . . .      Faith    .   i - +0 kite shield
rNeg    + . .      Spirit   .   U - +2 plate armour {Will+}
rPois   +          Reflect  .   u - +2 hat
rElec   .          Harm     .   B - +2 cloak
rCorr   .          Rampage  +   k - +0 pair of gloves
Will    +++++      Clarity  +   I - +1 pair of boots of Jiocy {Rampage rPois rC+}
Stlth   ..........              T - amulet of the Four Winds {rN+ Will+++ Clar}
HPRegen 0.39/turn               J - ring "Poavurph" {Fire Str+2 Slay+2 SInv}
MPRegen 0.23/turn               N - +6 ring of dexterity

@: no status effects
A: no striking features
}: 2/15 runes: barnacled, gossamer
a: Renounce Religion, Draw Escape, Draw Destruction, Draw Summoning, Triple
Draw, Deal Four, Stack Five


You were on level 2 of the Elven Halls.
You worshipped Nemelex Xobeh.
Nemelex Xobeh was exalted by your worship.
You visited 7 branches of the dungeon, and saw 34 of its levels.
You also visited: Ossuary, Bailey, Gauntlet and Ice Cave.

You collected 3756 gold pieces.
You spent 3649 gold pieces at shops.

Inventory:

Hand Weapons
 c - a +9 broad axe of flaming (weapon)
Missiles
 E - 12 throwing nets
 G - 10 curare-tipped darts
 L - 13 silver javelins (quivered)
 R - 7 boomerangs of dispersal
Armour
 i - a +0 kite shield (worn)
 k - a +0 pair of gloves (worn)
 u - a +2 hat (worn)
 B - a +2 cloak (worn)
 I - the +1 pair of boots of Jiocy (worn) {Rampage rPois rC+}
   (You found it in a Gauntlet)

   rC:        It protects you from cold.
   rPois:     It protects you from poison.
   Rampage:   It bestows one free step when moving towards enemies.
 U - a +2 plate armour of willpower (worn)
 X - a +2 crystal plate armour
Jewellery
 r - a ring of protection from cold
 w - a +6 ring of strength
 J - the ring "Poavurph" (left hand) {Fire Str+2 Slay+2 SInv}
   (You found it in a Gauntlet)

   [ring of fire]

   It enhances your fire magic.
   Str:       It affects your strength (+2).
   Slay:      It affects your accuracy & damage with ranged weapons and melee
   (+2).
   rF:        It protects you from fire.
   rC:        It makes you vulnerable to cold.
   SInv:      It lets you see invisible.
 N - a +6 ring of dexterity (right hand)
 T - the amulet of the Four Winds (around neck) {rN+ Will+++ Clar}
   (You bought it in a shop on level 1 of the Elven Halls)

   [amulet of nothing]

   rN:        It protects you from negative energy.
   Clar:      It protects you against confusion.
   Will:      It greatly increases your willpower.
Wands
 a - a wand of flame (62)
 b - a wand of acid (24)
 g - a wand of charming (26)
 C - a wand of iceblast (30)
 F - a wand of paralysis (38)
 M - a wand of digging (4)
 O - a wand of mindburst (27)
 S - a wand of polymorph (26)
Scrolls
 f - 5 scrolls of enchant armour
 j - 2 scrolls of blinking
 m - 5 scrolls of holy word
 p - 5 scrolls of enchant weapon
 y - 7 scrolls of identify
 A - a scroll of torment
 D - 2 scrolls of magic mapping
 K - 11 scrolls of teleportation
 W - a scroll of brand weapon
 Y - 2 scrolls of silence
 Z - 2 scrolls of amnesia
Potions
 d - 4 potions of might
 e - 5 potions of resistance
 h - 5 potions of mutation
 n - 15 potions of ambrosia
 o - 2 potions of cancellation
 q - 12 potions of curing
 s - 8 potions of attraction
 t - a potion of berserk rage
 v - 2 potions of lignification
 x - 8 potions of flight
 z - a potion of heal wounds
 P - 3 potions of brilliance
 V - 2 potions of haste
Miscellaneous
 H - a condenser vane
 Q - a phial of floods


   Skills:
 - Level 16.5 Fighting
 - Level 20.0 Axes
 - Level 8.0 Throwing
 * Level 18.8 Armour
 + Level 14.7 Shields
 - Level 20.0 Invocations
 - Level 10.0 Evocations


You had 18 spell levels left.
You didn't know any spells.
Your spell library contained the following spells:

 Spells                   Type           Power      Damage    Failure   Level
 Animate Skeleton         Necr           0%         N/A       90%         1
 Apportation              Tloc           0%         N/A       90%         1
 Beastly Appendage        Tmut           0%         N/A       90%         1
 Magic Dart               Conj           0%         1d3       90%         1
 Pain                     Necr           0%         1d4       90%         1
 Slow                     Hex            0%         N/A       90%         1
 Summon Small Mammal      Summ           0%         N/A       90%         1
 Blink                    Tloc           0%         N/A       97%         2
 Corpse Rot               Necr/Air       0%         N/A       97%         2
 Passwall                 Tmut/Erth      0%         N/A       97%         2
 Searing Ray              Conj           0%         2d4       97%         2
 Wereblood                Tmut           0%         N/A       97%         2
 Call Canine Familiar     Summ           0%         N/A       99%         3
 Confusing Touch          Hex            0%         N/A       99%         3
 Conjure Flame            Conj/Fire      0%         6-21      99%         3
 Dazzling Flash           Conj/Hex       0%         N/A       99%         3
 Gell's Gravitas          Tloc           0%         N/A       99%         3
 Ignite Poison            Fire/Tmut/Pois 0%         N/A       99%         3
 Ozocubu's Armour         Ice            0%         N/A       99%         3
 Spider Form              Tmut/Pois      0%         N/A       99%         3
 Summon Guardian Golem    Hex/Summ       0%         N/A       99%         3
 Swiftness                Air            0%         N/A       99%         3
 Teleport Other           Tloc           0%         N/A       99%         3
 Vampiric Draining        Necr           0%         2d6       99%         3
 Airstrike                Air            0%         N/A       100%        4
 Animate Armour           Summ/Erth      0%         N/A       100%        4
 Dispel Undead            Necr           0%         3d6       100%        4
 Fulminant Prism          Conj/Hex       0%         3d6       100%        4
 Leda's Liquefaction      Hex/Erth       0%         N/A       100%        4
 Passage of Golubria      Tloc           0%         N/A       100%        4
 Sticky Flame             Conj/Fire      0%         2d3       100%        4
 Summon Lightning Spire   Summ/Air       0%         N/A       100%        4
 Agony                    Necr           0%         N/A       100%        5
 Blade Hands              Tmut           0%         N/A       100%        5
 Excruciating Wounds      Necr           0%         N/A       100%        5
 Fireball                 Conj/Fire      0%         3d3       100%        5
 Freezing Cloud           Conj/Ice/Air   0%         6-21      100%        5
 Lee's Rapid Deconstruct  Erth           0%         3d5*      100%        5
 Lightning Bolt           Conj/Air       0%         1d11      100%        5
 Manifold Assault         Tloc           0%         N/A       100%        5
 Silence                  Hex/Air        0%         N/A       100%        5
 Death Channel            Necr           0%         N/A       100%        6
 Dispersal                Tloc           0%         N/A       100%        6
 Eringya's Noxious Bog    Tmut/Pois      0%         N/A       100%        6
 Iron Shot                Conj/Erth      0%         9d1       100%        6
 Simulacrum               Ice/Necr       0%         N/A       100%        6
 Starburst                Conj/Fire      0%         6d3       100%        6
 Statue Form              Tmut/Erth      0%         N/A       100%        6
 Malign Gateway           Summ/Tloc      0%         N/A       100%        7
 Ozocubu's Refrigeration  Ice            0%         4d5       100%        7
 Storm Form               Tmut/Air       0%         N/A       100%        7
 Ignition                 Fire           0%         3d3       100%        8
 Lehudib's Crystal Spear  Conj/Erth      0%         10d2      100%        8
 Polar Vortex             Ice            0%         N/A       100%        9


Dungeon Overview and Level Annotations

Branches:
Dungeon (15/15)            Temple (0/1) D:6            Lair (6/6) D:11
 Shoals (4/4) Lair:2       Spider (4/4) Lair:3        Slime (0/5) Lair:6
    Orc (2/2) D:11            Elf (2/3) Orc:2        Vaults (1/5) D:14
 Depths (0/4) D:15        Ossuary (visited)          Bailey (visited)
  IceCv (visited)         Gauntlet (visited)

Altars:
Cheibriados
Elyvilon
Makhleb
Nemelex Xobeh
Okawaru
Qazlal
Trog
Vehumet
Xom
Zin
Beogh

Shops:
Orc:2 (:[*   Elf:1 *=::   Shoals:3 (

Portals:
Trove: D:15 (give +4 fire dragon scales)

Annotations:
D:13 exclusion: obsidian statue
Shoals:2 exclusion: 2 oklob plants


Message History

The deep elf knight casts a spell at you.
You block the lance of force.
The deep elf zephyrmancer gestures at you while chanting.
The bolt of lightning hits you!!
You block the +4 glaive of pain's attack.
You are too injured to fight recklessly!
You are too injured to fight recklessly!
You are too injured to fight recklessly!
You are too injured to fight recklessly!
You are too injured to fight recklessly!
The deep elf zephyrmancer casts a spell at you.
The bolt of lightning hits you!!
The deep elf archer shoots an arrow.
You block the arrow.
The deep elf knight completely misses you.
The deep elf archer shoots an arrow.
The arrow misses you.
The deep elf zephyrmancer casts a spell at you.
The bolt of lightning hits you!!
* * * LOW HITPOINT WARNING * * *
There is an open door here.
You see here a +4 war axe of freezing.
You draw a card...
You have drawn the Orb.
Press: ? - help, Shift-Dir - straight line, f - deep elf zephyrmancer
Aim: a deep elf zephyrmancer, wielding a +0 rapier (moderately wounded)
Your orb of destruction hits a rock wall. x2
The deep elf knight blocks your orb of destruction.
Your orb of destruction hits a rock wall.
The deep elf knight barely misses you.
The deep elf archer shoots an arrow.
The arrow hits you!
* * * LOW HITPOINT WARNING * * *
You block the deep elf knight's attack.
The orb of destruction hits the deep elf zephyrmancer!!!!
You blow up the deep elf zephyrmancer!
You block the deep elf knight's attack.
The deep elf knight casts a spell.
The deep elf knight flickers and vanishes for a moment.
The deep elf knight gestures at you while chanting.
The shard of ice hits you!!
You die...
Your body glows with a rainbow of weird colours and disappears.

...........#
......)....#
...........#
......)°...+
.#.....(°e.#
###.....#(##
###.####e#########
## ##.##.....#
##@#.....##
##.......#
##.)....)##
#...).....#
##)......##
#.<.....#
##.....+# #.....#
###+###


You could see a deep elf archer (repels missiles), a deep elf knight (fast,
invisible) and a +4 glaive of pain.

Vanquished Creatures
  A golden dragon (Spider:4)
  Nikola (Spider:4)
  Arachne (Spider:3)
  Mlioglotl (Shoals:1)
  A sphinx (Vaults:1)
  Polyphemus (Shoals:3)
  Gastronok (D:8)
  Ilsuiw (Shoals:3)
  Agnes (D:15)
  Roxanne (Spider:4)
  3 ghost moths (Spider:4)
  A frost giant (Shoals:3)
  3 orc warlords (Orc:2)
  Louise (D:14)
  5 emperor scorpions
  Aizul (Elf:1)
  An ironbound preserver (Vaults:1)
  A stone giant (D:15)
  Azrael (D:15)
  A deep elf demonologist (Elf:1)
  3 entropy weavers
  3 spark wasps
  A minotaur (Gauntlet)
  3 deep elf annihilators
  Snorg (D:14)
  An ettin (Shoals:3)
  4 merfolk impalers
  3 merfolk javelineers
  2 deep elf death magi (Elf:1)
  Josephine (D:10)
  A yaktaur captain (Vaults:1)
  A fire dragon (Lair:6)
  Harold (D:10)
  12 hydras
  Erolcha (Orc:1)
  2 ice dragons
  4 merfolk avatars
  4 boulder beetles
  A catoblepas (Shoals:3)
  7 centaur warriors
  Erica (D:8)
  6 two-headed ogres
  2 death knights
  8 merfolk aquamancers
  2 ironbound frosthearts (Vaults:1)
  5 dancing weapons
  An alligator snapping turtle (Shoals:4)
  A satyr (Elf:1)
  2 tengu warriors (D:15)
  10 death yaks
  2 orc high priests (Orc:2)
  Sonja (Lair:1)
  4 deep elf knights
  A shadow wraith (D:14)
  2 large abominations (Gauntlet)
  A swamp dragon (Lair:6)
  13 sea snakes
  3 deep trolls
  5 deep elf archers
  2 phantasmal warriors (D:13)
  3 wizards
  An ironbound convoker (Vaults:1)
  A lindwurm (D:14)
  7 harpies
  15 deep elf pyromancers
  8 deep elf zephyrmancers
  11 ugly things
  A necromancer (D:15)
  12 fauns
  16 orb spiders
  14 manticores
  7 orc sorcerers
  2 orc knights
  26 wolf spiders
  7 cyclopes
  22 elephants
  7 black mambas
  A guardian serpent (Lair:6)
  4 moths of wrath
  3 ice statues (IceCv)
  6 water nymphs
  14 merfolk sirens
  Joseph (D:10)
  5 torpor snails
  Psyche (D:10)
  A smoke demon (D:11)
  25 cane toads
  20 komodo dragons
  12 demonic crawlers
  A gargoyle (D:11)
  An unseen horror (shapeshifter) (D:14)
  4 rime drakes
  An unseen horror (Elf:1)
  2 freezing wraiths
  2 anaconda simulacra (IceCv)
  A tengu conjurer (D:15)
  A queen bee (Lair:1)
  5 trolls
  27 jumping spiders
  2 tyrant leeches (Shoals:3)
  4 wind drakes
  A troll (shapeshifter) (D:14)
  A polar bear (Lair:5)
  25 merfolk
  11 hornets
  9 blink frogs
  13 slime creatures
  11 snapping turtles
  6 dream sheep
  An air elemental (Elf:1)
  9 water elementals
  62 redbacks
  A vampire (D:14)
  21 tarantellas
  17 wyverns
  3 small abominations (Gauntlet)
  5 shadows
  2 spriggans
  A fire bat (Spider:4)
  9 basilisks
  34 yaks
  A human (shapeshifter) (D:14)
  8 wraiths
  Grum (D:8)
  4 fire elementals (D:15)
  A death yak simulacrum (IceCv)
  9 vampire mosquitoes (D:12)
  Menkaure (D:4)
  A steam dragon (Lair:6)
  3 wargs (Orc:2)
  An acid dragon (D:10)
  A swamp worm (Shoals:4)
  18 water moccasins
  3 hell hounds (D:15)
  4 swamp drakes (Lair:6)
  48 orc warriors
  A floating eye (Spider:4)
  An ice beast (D:5)
  A sky beast (D:6)
  A black bear (D:4)
  5 ogres
  A necrophage (D:5)
  32 wolves
  21 centaurs
  2 kobold brigands
  9 bullfrogs
  A gnoll sergeant (D:9)
  3 scorpions
  2 cane toad simulacra (IceCv)
  A water moccasin zombie (D:5)
  43 killer bees
  22 wights
  2 elephant simulacra (IceCv)
  4 howler monkeys
  An electric eel (Lair:5)
  3 centaur zombies
  A lava snake (D:13)
  2 bullfrog zombies
  Crazy Yiuf (D:7)
  A hound (D:6)
  13 orc priests
  4 bullfrog skeletons
  A centaur skeleton (D:7)
  7 jellies
  8 iguanas
  14 orc wizards
  A mummy (Ossuary)
  A howler monkey skeleton (D:6)
  7 gnolls
  5 adders
  A shadow imp (D:7)
  2 white imps
  2 worms (D:4)
  5 dart slugs
  105 orcs
  6 ball pythons
  6 bats
  8 endoplasms
  6 giant cockroaches
  12 goblins
  8 hobgoblins
  8 jackals (D:1)
  36 kobolds
  6 quokkas
  2 frilled lizards
  9 gnoll skeletons (Ossuary)
  3 kobold skeletons (Ossuary)
  12 orc skeletons (Ossuary)
  5 rats
  2 bushes (Lair:6)
  3 toadstools (D:1)
1275 creatures vanquished.

Vanquished Creatures (collateral kills)
  Mara (Spider:4)
  Asterion (Spider:4)
  An emperor scorpion (Spider:4)
  An alligator snapping turtle (Shoals:4)
  3 merfolk avatars (Shoals:4)
  A merfolk aquamancer (Shoals:4)
  A glowing orange brain (D:15)
  A wolf spider (Spider:4)
  2 manticores (Shoals:4)
  A merfolk (Shoals:4)
13 creatures vanquished.

Vanquished Creatures (others)
  An iguana (Lair:6)
  An orc wizard (Orc:2)
  33 demonic plants (Gauntlet)
  54 fungi
  215 plants
  A toadstool (D:1)
  5 withered plants (Gauntlet)
310 creatures vanquished.

Grand Total: 1598 creatures vanquished

Notes
Turn   | Place    | Note
-------+----------+-------------------------------------------
     0 | D:1      | Crownlay the Hill Orc Fighter began the quest for the Orb.
     0 | D:1      | Reached XP level 1. HP: 19/19 MP: 1/1
   343 | D:1      | Reached XP level 2. HP: 25/26 MP: 2/2
   685 | D:1      | Reached XP level 3. HP: 31/31 MP: 3/3
  1156 | D:2      | Found a faded altar of an unknown god.
  1179 | D:2      | Prayed at the altar of an unknown god.
  1179 | D:2      | Became a worshipper of Nemelex Xobeh the Trickster
  1179 | D:2      | Reached * piety under Nemelex Xobeh
  1179 | D:2      | Received a gift from Nemelex Xobeh
  1286 | D:2      | Reached XP level 4. HP: 35/39 MP: 4/4
  1432 | D:2      | Reached skill level 5 in Axes
  2072 | D:3      | Reached skill level 1 in Invocations
  2072 | D:3      | Reached XP level 5. HP: 36/45 MP: 5/5
  2251 | D:3      | Found a radiant altar of Vehumet.
  2686 | D:3      | Found a sparkling altar of Nemelex Xobeh.
  3038 | D:3      | Found a white marble altar of Elyvilon.
  3169 | D:4      | Reached XP level 6. HP: 38/51 MP: 7/7
  3464 | D:4      | Noticed Menkaure
  3467 | D:4      | Killed Menkaure
  3514 | D:4      | Noticed a black bear
  3517 | D:4      | Killed a black bear
  3518 | D:4      | Reached XP level 7. HP: 34/57 MP: 8/10
  3728 | D:4      | Found a snail-covered altar of Cheibriados.
  3779 | D:4      | Reached ** piety under Nemelex Xobeh
  4075 | D:4      | Found an iron altar of Okawaru.
  4137 | D:4      | Received a gift from Nemelex Xobeh
  4195 | D:5      | Entered Level 5 of the Dungeon
  4276 | D:5      | Reached skill level 5 in Invocations
  4543 | D:5      | Reached XP level 8. HP: 29/64 MP: 10/12
  4807 | D:5      | Reached skill level 10 in Axes
  4949 | D:5      | Received a gift from Nemelex Xobeh
  5288 | D:6      | Found a staircase to the Ecumenical Temple.
  5613 | D:6      | Found a stormy altar of Qazlal.
  5616 | D:6      | Reached *** piety under Nemelex Xobeh
  5628 | D:6      | Found a bloodstained altar of Trog.
  5696 | D:6      | Found a glowing silver altar of Zin.
  5899 | D:7      | Received a gift from Nemelex Xobeh
  6120 | D:7      | Found a runed translucent door.
  6427 | D:7      | Reached XP level 9. HP: 70/70 MP: 14/14
  6437 | D:7      | Found a sand-covered staircase.
  6442 | Ossuary  | Entered an ossuary
  6511 | Ossuary  | Received a gift from Nemelex Xobeh
  6894 | D:7      | Found a shimmering altar of Xom.
  7833 | D:7      | Noticed Crazy Yiuf
  7844 | D:7      | Killed Crazy Yiuf
  8072 | D:8      | Noticed Erica
  8078 | D:8      | Killed Erica
  8104 | D:8      | Reached skill level 10 in Invocations
  8180 | D:8      | Reached XP level 10. HP: 71/80 MP: 12/17
  8267 | D:8      | Noticed Gastronok
  8281 | D:8      | Reached skill level 5 in Fighting
  8281 | D:8      | Killed Gastronok
  8466 | D:8      | Noticed Grum
  8777 | D:8      | Killed Grum
  8824 | D:8      | Reached **** piety under Nemelex Xobeh
 10214 | D:9      | Reached skill level 10 in Fighting
 10214 | D:9      | Reached XP level 11. HP: 66/99 MP: 14/20
 10579 | D:9      | Received a gift from Nemelex Xobeh
 11235 | D:10     | Entered Level 10 of the Dungeon
 11243 | D:10     | Noticed Joseph
 11255 | D:10     | Killed Joseph
 11285 | D:10     | Noticed Psyche
 11309 | D:10     | Killed Psyche
 11328 | D:10     | Noticed a two-headed ogre
 11338 | D:10     | Killed a two-headed ogre
 11339 | D:10     | Reached skill level 5 in Armour
 11560 | D:10     | Found a flagged portal.
 11561 | D:10     | Noticed a two-headed ogre
 11583 | D:10     | Killed a two-headed ogre
 11600 | Bailey   | Entered a bailey
 11870 | Bailey   | Identified the +2 ring mail of Zutifuot {Rampage rElec
                  | Str-3}
 11954 | Bailey   | Identified the +5 chain mail of the Centipede {rPois Will-
                  | Str+4 Dex+3}
 12026 | Bailey   | Noticed an orc knight
 12048 | Bailey   | Killed an orc knight
 12386 | D:10     | Received a gift from Nemelex Xobeh
 12403 | D:10     | Noticed Josephine
 12408 | D:10     | Killed Josephine
 12705 | D:10     | Noticed Harold
 12727 | D:10     | Killed Harold
 12728 | D:10     | Reached XP level 12. HP: 110/115 MP: 21/21
 12980 | D:11     | Found a staircase to the Orcish Mines.
 13300 | D:11     | Found a staircase to the Lair.
 13430 | D:11     | Found a burning altar of Makhleb.
 13990 | D:12     | Received a gift from Nemelex Xobeh
 14048 | Lair:1   | Entered Level 1 of the Lair of Beasts
 14083 | Lair:1   | Noticed Sonja
 14097 | Lair:1   | Killed Sonja
 14098 | Lair:1   | Reached skill level 1 in Throwing
 14288 | Lair:1   | Noticed a five-headed hydra
 14301 | Lair:1   | Killed a one-headed hydra
 14865 | Lair:1   | Received a gift from Nemelex Xobeh
 14965 | Lair:1   | Reached skill level 15 in Invocations
 15401 | Lair:2   | Noticed a six-headed hydra
 15423 | Lair:2   | Killed a one-headed hydra
 15424 | Lair:2   | Reached XP level 13. HP: 47/125 MP: 9/24
 16059 | Lair:2   | Reached skill level 15 in Fighting
 16152 | Lair:2   | Received a gift from Nemelex Xobeh
 16491 | Lair:2   | Found a staircase to the Shoals.
 16749 | Lair:3   | Reached skill level 5 in Throwing
 16750 | Lair:3   | Reached skill level 15 in Axes
 16753 | Lair:3   | Reached skill level 10 in Armour
 16843 | Lair:3   | Reached ***** piety under Nemelex Xobeh
 16848 | Lair:3   | Received a gift from Nemelex Xobeh
 16934 | Lair:3   | Found a hole to the Spider Nest.
 16997 | Lair:3   | Found a gate leading to a gauntlet.
 17015 | Gauntlet | Entered a Gauntlet
 17015 | Gauntlet | Found a transporter.
 17015 | Gauntlet | Received a gift from Nemelex Xobeh
 17277 | Gauntlet | Found a transporter.
 17292 | Gauntlet | Found a transporter.
 17297 | Gauntlet | Found a transporter.
 17312 | Gauntlet | Found a transporter.
 17318 | Gauntlet | Noticed a great orb of eyes
 17331 | Gauntlet | Found a transporter.
 17343 | Gauntlet | Found a transporter.
 17355 | Gauntlet | Found a transporter.
 17361 | Gauntlet | Found a transporter.
 17361 | Gauntlet | Found a transporter.
 17376 | Gauntlet | Found a transporter.
 17387 | Gauntlet | Noticed a great orb of eyes
 17388 | Gauntlet | Found a transporter.
 17405 | Gauntlet | Found a transporter.
 17423 | Gauntlet | Found a transporter.
 17425 | Gauntlet | Found a transporter.
 17450 | Gauntlet | Found a transporter.
 17470 | Gauntlet | Found a transporter.
 17584 | Gauntlet | Found a transporter.
 17905 | Gauntlet | Noticed a quicksilver ooze
 18474 | Gauntlet | Identified the +1 pair of boots of Jiocy {Rampage rPois
                  | rC+}
 18486 | Gauntlet | Identified the ring "Poavurph" {Fire Str+2 Slay+2 SInv}
 18803 | Gauntlet | Noticed a minotaur
 18811 | Gauntlet | Killed a minotaur
 19156 | Lair:3   | Reached XP level 14. HP: 123/135 MP: 22/25
 19270 | Lair:3   | Received a gift from Nemelex Xobeh
 19786 | Lair:4   | Reached skill level 1 in Evocations
 21365 | Lair:5   | Reached skill level 5 in Evocations
 22261 | Lair:5   | Received a gift from Nemelex Xobeh
 22513 | Lair:6   | Entered Level 6 of the Lair of Beasts
 22775 | Lair:6   | Found a staircase to the Slime Pits.
 23357 | Lair:6   | Received a gift from Nemelex Xobeh
 23403 | Lair:6   | Paralysed by a hornet for 2 turns
 23410 | Lair:6   | Reached XP level 15. HP: 114/141 MP: 22/26
 24394 | Lair:6   | Reached ****** piety under Nemelex Xobeh
 24712 | Lair:6   | Reached skill level 10 in Evocations
 25161 | Lair:6   | Identified the +1 leather armour "Ydum Hog" {Fly rC+ MP-9}
 25309 | Orc:1    | Entered Level 1 of the Orcish Mines
 25311 | Orc:1    | Noticed Erolcha
 25315 | Orc:1    | Killed Erolcha
 25701 | Orc:2    | Entered Level 2 of the Orcish Mines
 25701 | Orc:2    | Received a gift from Nemelex Xobeh
 25745 | Orc:2    | Noticed an orc warlord
 25769 | Orc:2    | Reached skill level 5 in Shields
 26181 | Orc:2    | Killed an orc warlord
 26390 | Orc:2    | Found Matzutod's Antique Armour Shop.
 26422 | Orc:2    | Found a roughly hewn altar of Beogh.
 26431 | Orc:2    | Found a staircase to the Elven Halls.
 26533 | Orc:2    | Found Enguror's Book Boutique.
 26589 | Orc:2    | Bought a brightly glowing kite shield for 199 gold pieces
 26589 | Orc:2    | Identified the +0 kite shield of Wifyvyo {rPois rF+ Slay-4}
                  | (You bought it in a shop on level 2 of the Orcish Mines)
 26714 | Orc:2    | Found Umnostim's General Store.
 26722 | Orc:2    | Bought a potion of curing for 36 gold pieces
 26722 | Orc:2    | Bought a scroll of blinking for 90 gold pieces
 26755 | Orc:2    | Noticed an orc warlord
 26761 | Orc:2    | Killed an orc warlord
 26931 | Orc:2    | Found Uhiriffe's Antique Weapon Boutique.
 26938 | Orc:2    | Noticed an orc warlord
 26961 | Orc:2    | Killed an orc warlord
 27804 | D:12     | Received a gift from Nemelex Xobeh
 28058 | D:12     | Found the +7 pair of quick blades "Gyre" and "Gimble"
                  | {protect}
 28337 | D:13     | Reached XP level 16. HP: 129/149 MP: 27/27
 28371 | D:13     | Found a frozen archway.
 28382 | IceCv    | Entered an ice cave
 28503 | IceCv    | Received a gift from Nemelex Xobeh
 30875 | D:14     | Noticed Snorg
 30892 | D:14     | Killed Snorg
 30990 | D:14     | Noticed Louise
 31013 | D:14     | Killed Louise
 31520 | D:14     | Received a gift from Nemelex Xobeh
 31628 | D:14     | Found a gate to the Vaults.
 31912 | D:15     | Entered Level 15 of the Dungeon
 31930 | D:15     | Noticed Azrael
 31951 | D:15     | Killed Azrael
 32280 | D:15     | Received a gift from Nemelex Xobeh
 32452 | D:15     | Noticed Agnes
 32466 | D:15     | Killed Agnes
 32826 | D:15     | Found a staircase to the Depths.
 33264 | D:15     | Found a portal to a secret trove of treasure.
 33551 | Shoals:1 | Entered Level 1 of the Shoals
 34129 | Shoals:1 | Noticed Mlioglotl
 34149 | Shoals:1 | Killed Mlioglotl
 34150 | Shoals:1 | Reached skill level 10 in Shields
 34482 | Shoals:1 | Received a gift from Nemelex Xobeh
 34501 | Shoals:1 | Reached XP level 17. HP: 158/158 MP: 29/29
 35607 | Shoals:2 | Received a gift from Nemelex Xobeh
 36337 | Shoals:2 | Received a gift from Nemelex Xobeh
 37228 | Shoals:3 | Noticed Polyphemus
 37737 | Shoals:3 | Killed Polyphemus
 38012 | Shoals:3 | Noticed Ilsuiw
 38051 | Shoals:3 | Killed Ilsuiw
 38486 | Shoals:3 | Received a gift from Nemelex Xobeh
 38520 | Shoals:3 | Found Sueduef's Weapon Shop.
 38560 | Shoals:3 | Got Afefet's Handbook of Beguiling and Displacement
 39186 | Shoals:4 | Entered Level 4 of the Shoals
 40224 | Shoals:3 | HP: 3/159 [spark wasp (9)]
 42536 | Shoals:4 | Reached XP level 18. HP: 35/168 MP: 6/30
 42966 | Shoals:4 | Got a barnacled rune of Zot
 43887 | Shoals:4 | Reached skill level 15 in Armour
 44305 | Shoals:4 | Received a gift from Nemelex Xobeh
 44845 | Spider:1 | Entered Level 1 of the Spider Nest
 45795 | Spider:1 | Received a gift from Nemelex Xobeh
 46960 | Spider:3 | Received a gift from Nemelex Xobeh
 47396 | Spider:3 | Noticed Arachne
 47413 | Spider:3 | Killed Arachne
 48404 | Spider:3 | Received a gift from Nemelex Xobeh
 48922 | Spider:3 | Identified the +2 leather armour of Sophism {rElec}
 49266 | Spider:4 | Entered Level 4 of the Spider Nest
 49266 | Spider:4 | Identified Roxanne's Grimoire of Changing
 49266 | Spider:4 | Noticed Roxanne
 49302 | Spider:4 | Killed Roxanne
 49656 | Spider:4 | Noticed Asterion
 49671 | Spider:4 | HP: 8/162 [poisoned by Asterion]
 49678 | Spider:4 | Killed Asterion
 50179 | Spider:4 | Noticed Bai Suzhen
 50194 | Spider:4 | Noticed Bai Suzhen
 50194 | Spider:4 | Bai Suzhen changed into Bai Suzhen the golden dragon
 50209 | Spider:4 | Killed Bai Suzhen the golden dragon
 50210 | Spider:4 | Reached XP level 19. HP: 58/174 MP: 10/32
 50514 | Spider:4 | Noticed Nikola
 50541 | Spider:4 | Killed Nikola
 51168 | Spider:4 | Noticed Mara
 51171 | Spider:4 | Noticed Crownlay's illusion
 51253 | Spider:4 | Noticed Crownlay's illusion
 51616 | Spider:4 | Killed Mara
 51991 | Spider:4 | Paralysed by a floating eye for 3 turns
 52250 | Spider:4 | Identified the -2 hand axe of Haunted Duty {vorpal, Will-
                  | Str+4 Dex+4}
 53230 | Spider:4 | Received a gift from Nemelex Xobeh
 53279 | Spider:4 | Got a gossamer rune of Zot
 53690 | Vaults:1 | Entered Level 1 of the Vaults
 54140 | Elf:1    | Entered Level 1 of the Elven Halls
 54187 | Elf:1    | Identified the +5 plate armour "Hauzxish" {Harm rElec Will+
                  | Int+3}
 54193 | Elf:1    | Paralysed by an air elemental for 1 turns
 54198 | Elf:1    | Paralysed by an air elemental for 1 turns
 54205 | Elf:1    | Paralysed by an air elemental for 1 turns
 54999 | Elf:1    | Received a gift from Nemelex Xobeh
 55545 | Elf:1    | Noticed Aizul
 55566 | Elf:1    | Killed Aizul
 56037 | Elf:1    | Found Ciedoq's Assorted Antiques.
 56043 | Elf:1    | Bought a potion of heal wounds for 135 gold pieces
 56043 | Elf:1    | Bought a scroll of enchant weapon for 202 gold pieces
 56043 | Elf:1    | Bought a runed crystal plate armour for 2241 gold pieces
 56099 | Elf:1    | Found Xeklioma's Book Shoppe.
 56100 | Elf:1    | Found Sisexeg's Jewellery Boutique.
 56102 | Elf:1    | Found Cueliam's Book Shoppe.
 56110 | Elf:1    | Bought the amulet of the Four Winds {rN+ Will+++ Clar} for
                  | 746 gold pieces
 56110 | Elf:1    | Found the amulet of the Four Winds {rN+ Will+++ Clar}
 56382 | Elf:1    | Received a gift from Nemelex Xobeh
 56627 | Elf:2    | Killed from afar by a deep elf knight

Illustrated notes

Levels and vault maps discovered:
D:1:      ldierk_water_garden, layout_loops_cross
D:2:      layout_basic, ebering_ecumenical_altar_mist, roderic_lattice_a,
          minmay_misc_feat_x, serial_bayou_lagoon_b
D:3:      layout_basic, mainiacjoe_overflow_chevrons, mainiacjoe_overflow_swirl
D:4:      layout_basic, kennysheep_mini, slow_altar_2, eino_curves_04,
          uniq_menkaure
D:5:      layout_cave_pools, chequers_serial_rivers_micro_a
D:6:      layout_cave_pools, mainiacjoe_overflow_paths, zin_treasury,
          mainiacjoe_overflow_catwalk, minmay_temple_entry_arrows,
          minmay_misc_feat_enclosed
D:7:      layout_loops_corners, lemuel_crystal_altar,
          nicolae_ossuary_entry_plus, serial_park_tiny_2,
          uniq_crazy_yiuf_cottage
D:8:      layout_rooms, uniq_erica, uniq_gastronok, uniq_grum
D:9:      layout_small_grid, lemuel_old_faithful
D:10:     layout_loops_ring, enter_bailey_3, uniq_joseph, uniq_harold,
          uniq_psyche, uniq_josephine
D:11:     layout_basic, minmay_lair_entry_grove, hiddenorc2_lemuel, demons_altar
D:12:     layout_small_grid, hex_medium, chequers_avenue,
          hellmonk_guarded_unrand_gyre_and_gimble
D:13:     layout_basic, portal_ice_cave_entry_pillars_2, grunt_decor_junction,
          nicolae_lava_and_water, minmay_protected_statue
D:14:     minmay_general_purpose_star, layout_cave_pools, david_vaults_4,
          minmay_misc_feat_cross, uniq_snorg, uniq_louise
D:15:     hangedman_depths_entry_civil_slaughter, layout_cave_pools,
          nicolae_trove_entry_crystal, special_room [special_room_orc],
          uniq_azrael, uniq_agnes
Lair:1:   layout_misc_corridors, special_room [special_room_bee],
          lemuel_fruit_tree, uniq_sonja
Lair:2:   layout_hall_layers, elwin_shoals_entry_stream,
          chequers_serial_rivers_marsh
Lair:3:   layout_cave_shapes, spider_nest_entry_webs, gauntlet_entry_generic,
          grunt_forest_large_clearings, grunt_megastairs_3
Lair:4:   layout_loops_ring, pond, grunt_megastairs_5,
          infiniplex_staircase_pool_2
Lair:5:   layout_hall_layers, serial_bayou_shore_a
Lair:6:   hangedman_lair_tendril_chambers, layout_long_grid,
          guppyfry_lair_end_dragon, nicolae_slime_entry_slimehenge,
          minmay_hedge_maze, minivault_27
Shoals:1: layout_shoals, uniq_mlioglotl
Shoals:2: layout_shoals, nicolae_shoals_this_corrosion
Shoals:3: layout_shoals, serial_shops, nicolae_take_the_stairs, uniq_polyphemus,
          uniq_ilsuiw
Shoals:4: shoals_end_simple, layout_shoals
Spider:1: layout_spider_delve
Spider:2: nicolae_spider_hilbert_zone_5 [nicolae_spider_hilbert_3_sides_1_open,
          nicolae_spider_hilbert_4_sides_1_open,
          nicolae_spider_hilbert_4_sides_1_open,
          nicolae_spider_hilbert_6_sides_1_open,
          nicolae_spider_hilbert_6_sides_1_open], drop_trap
Spider:3: layout_chambers, nicolae_spider_wall_of_niches, uniq_arachne
Spider:4: guppyfry_spider_rune, uniq_nikola, uniq_bai_suzhen, uniq_roxanne,
          uniq_mara, uniq_asterion
Orc:1:    layout_caves, uniq_erolcha
Orc:2:    grunt_orc_gardens, layout_diamond_mine, grunt_orc_garden,
          grunt_orc_garden, grunt_orc_garden, grunt_orc_garden, basic_altar
Elf:1:    eino_elf_arrival_shootout, layout_loops_corners, serial_shops,
          nicolae_shop_stone, minivault_28, minmay_shop_grove, uniq_aizul
Elf:2:    elven_hall_of_blades_hangedman_alternative [grunt_blade_entry_basic],
          layout_geoelf_diagonals, basic_altar, nicolae_elf_shapeshifter_party
Vaults:1: v_misc_31, hangedman_vaults_restitches, hangedman_vaults_nodes,
          ontoclasm_vaults_chip, nicolae_vaults_little_squares_6,
          nicolae_vaults_specimen_jars, nicolae_vaults_alarming, v_misc_14,
          vaults_room_grid, ontoclasm_vaults_loading_screen,
          ontoclasm_vaults_eye, layout_vaults_omnigrid

Skill      XL: |  1  2  3  4  5  6  7  8  9 10 11 12 13 14 15 16 17 18 19 |
---------------+----------------------------------------------------------+-----
Axes           | 3 4 6 8 9 12 14 16 18 20 | 20.0
Shields        | 4 6 10 11 13 14 | 14.7
Invocations    | 1 2 4 5 7 10 12 13 15 16 17 19 20 | 20.0
Fighting       | 4 10 13 14 15 16 | 16.5
Armour         | 6 8 10 11 12 14 16 18 | 18.8
Throwing       | 3 6 8 |  8.0
Evocations     | 7 10 | 10.0

Action                   |  1- 3 |  4- 6 |  7- 9 | 10-12 | 13-15 | 16-18 | 19-21 || total
-------------------------+-------+-------+-------+-------+-------+-------+-------++-------
Melee: War axe           |   113 |   128 |   326 |   604 |   994 |  1798 |   286 ||  4249
       Scimitar          |       |       |       |    18 |    59 |    19 |       ||    96
       Broad axe         |       |       |       |       |       |       |   157 ||   157
Throw: Javelin           |       |       |       |       |    13 |    21 |       ||    34
       Throwing net      |       |       |       |       |       |     5 |     5 ||    10
Invok: Draw Destruction  |       |     2 |       |     5 |    17 |    29 |    10 ||    63
       Triple Draw       |       |       |       |     4 |     1 |     4 |       ||     9
       Draw Summoning    |       |       |       |       |       |    10 |     8 ||    18
Evoke: Wand              |       |       |       |     5 |     1 |    13 |     4 ||    23
       Condenser vane    |       |       |       |       |     1 |       |     1 ||     2
       Phial of floods   |       |       |       |       |       |     1 |       ||     1
  Use: Scroll            |       |       |    12 |     5 |    10 |     8 |    11 ||    46
       Potion            |       |       |       |     6 |     5 |     4 |       ||    15
 Stab: Confused          |       |       |       |       |     1 |       |       ||     1
       Held in net/web   |       |       |       |       |       |     3 |       ||     3
       Distracted        |       |       |       |       |       |     1 |     1 ||     2
Armor: Scale mail        |    42 |    48 |   127 |   159 |       |       |       ||   376
       Chain mail        |       |       |       |   222 |   611 |       |       ||   833
       Plate armour      |       |       |       |       |    54 |  1140 |   293 ||  1487
       Skin              |       |       |       |       |    11 |       |       ||    11
Dodge: Dodged            |    47 |    48 |   113 |   266 |   365 |   469 |   102 ||  1410
Block: Buckler           |    33 |    23 |    73 |   170 |   227 |   484 |       ||  1010
       Kite shield       |       |       |       |       |       |   132 |   296 ||   428

Table legend: (Time is in decaauts)
 A = Elapsed time spent in this place.
 B = Non-inter-level travel time spent in this place.
 C = Inter-level travel time spent in this place.
 D = Time resting spent in this place.
 E = Time spent auto-exploring this place.
 F = Levels seen in this place.
 G = Mean time per level.
                   A        B        C        D        E       F      G
               +--------+--------+--------+--------+--------+-----+--------+
         Total |  56228 |  54109 |   2119 |   1058 |  43020 |  38 | 1479.7 |
       Dungeon |  18482 |  17332 |   1150 |     21 |  13782 |  15 | 1232.1 |
          Lair |   9359 |   8951 |    408 |      0 |   7274 |   6 | 1559.8 |
        Shoals |  11371 |  11239 |    132 |    139 |   9684 |   4 | 2842.8 |
   Spider Nest |   8427 |   8185 |    242 |    548 |   6467 |   4 | 2106.8 |
  Orcish Mines |   2647 |   2528 |    119 |      0 |   2001 |   2 | 1323.5 |
   Elven Halls |   1958 |   1952 |      6 |      0 |   1675 |   2 |  979.0 |
        Vaults |    175 |    115 |     60 |      0 |     80 |   1 |  175.0 |
       Ossuary |    333 |    333 |      0 |      0 |    167 |   1 |  333.0 |
        Bailey |    594 |    594 |      0 |      0 |    274 |   1 |  594.0 |
      Ice Cave |    947 |    947 |      0 |      0 |    748 |   1 |  947.0 |
      Gauntlet |   1929 |   1929 |      0 |    350 |    866 |   1 | 1929.0 |
               +--------+--------+--------+--------+--------+-----+--------+

Top non-repeatable levels by time:
Shoals:3: 4378 daAuts
Spider:4: 3699 daAuts
Shoals:4: 3022 daAuts
Spider:3: 2658 daAuts
  Lair:6: 2351 daAuts
     D:7: 2316 daAuts
Shoals:2: 2233 daAuts
Gauntlet: 1929 daAuts
     D:8: 1886 daAuts
   Elf:1: 1835 daAuts
Shoals:1: 1736 daAuts
   Orc:2: 1701 daAuts
  Lair:5: 1692 daAuts
    D:14: 1677 daAuts
    D:15: 1518 daAuts
